 Dungeon Crawl Stone Soup version 0.30-a0-776-g08fbeb92c1 (webtiles) character file.

Game seed: 17190130547157743322

231 LSt the Chopper (level 5, 43/43 HPs)
             Began as a Demonspawn Chaos Knight on Jan 29, 2023.
             Was a Plaything of Xom.
             Quit the game on level 4 of the Dungeon on Feb 13, 2023.
             The game lasted 00:20:11 (3291 turns).

LSt the Chopper (Demonspawn Chaos Knight)           Turns: 3291, Time: 00:20:11

Health: 43/43      AC: 10    Str: 12    XL:     5   Next: 73%
Magic:  5/5        EV: 11    Int: 14    God:    Xom [*.....]
Gold:   362        SH:  0    Dex: 12    Spells: 4/4 levels left

rFire   . . .      SeeInvis +    b - +0 war axe (drain)
rCold   . . .      Faith    .    (no shield)
rNeg    . . .      Spirit   .    k - +3 leather armour
rPois   .          Reflect  .    (no helmet)
rElec   .          Harm     .    (no cloak)
rCorr   .          Rampage  .    D - +1 pair of gloves
Will    .....                    z - +1 pair of boots
Stlth   +                        (no amulet)
HPRegen 0.27/turn                t - ring of see invisible
MPRegen 0.18/turn                (no ring)

@: no status effects
A: powered by death 2, magic regeneration, weak 1
a: Renounce Religion


You were on level 4 of the Dungeon.
You worshipped Xom.
You were a special plaything of Xom.
You visited 1 branch of the dungeon, and saw 4 of its levels.

You collected 362 gold pieces.

Inventory:

Hand Weapons
 a - a +0 hand axe of chaos
 b - a +0 war axe of draining (weapon)
 g - a +0 mace
 i - a +0 short sword
 j - a +0 quarterstaff of draining
Missiles
 f - 39 stones
 l - 5 boomerangs (quivered)
Armour
 d - a +0 buckler
 k - a +3 leather armour (worn)
 z - a +1 pair of boots (worn)
 D - a +1 pair of gloves (worn)
Magical Staves
 h - a staff of poison
Jewellery
 t - a ring of see invisible (left hand)
 w - an amulet of faith
Scrolls
 e - 2 scrolls of enchant armour
 m - a scroll of enchant weapon {unknown}
 n - a scroll of silence
 o - a scroll of amnesia
 p - 2 scrolls of brand weapon
 q - a scroll of teleportation {unknown}
 s - a scroll of blinking {unknown}
 v - a scroll of vulnerability {unknown}
 y - a scroll of magic mapping {unknown}
 A - a scroll of fog {unknown}
 B - a scroll of fear {unknown}
Potions
 r - 2 potions of curing
 u - 3 potions of brilliance
 x - 2 potions of heal wounds
 C - a potion of might {unknown}
 E - a potion of attraction {unknown}
Miscellaneous
 c - a piece from Xom's chessboard (15/15)


   Skills:
 + Level 4.4 Fighting
 + Level 5.1 Axes
 - Level 1.7 Armour
 - Level 0.8 Dodging


You had 4 spell levels left.
You didn't know any spells.
Your spell library contained the following spells:

 Spells                   Type           Power      Damage    Failure   Level
 Slow                     Hex            0%         N/A       36%         1
 Lesser Beckoning         Tloc           0%         N/A       50%         2
 Confusing Touch          Hex            0%         N/A       73%         3
 Gell's Gravitas          Tloc           0%         N/A       73%         3
 Teleport Other           Tloc           0%         N/A       73%         3
 Vampiric Draining        Necr           0%         2d6       73%         3


Dungeon Overview and Level Annotations

Branches:
Dungeon (4/15)
 Temple: D:4-7

Altars:
Makhleb

Shops:
D:3 (:((

Annotations:
D:4 ogre


Innate Abilities, Weirdness & Mutations

You regenerate health from kills.
You regenerate magic rapidly.
You are weak. (Str -2)


Message History

You climb upwards.
There is a stone staircase leading down here.
You start resting.
HP restored.
You climb downwards.
Level annotation: ogre
There is a stone staircase leading up here.
You see here a scorpion corpse.
Found 5 stones.
Found a sedimented ruby potion.
Found a pair of embroidered gloves.
f - 33 stones (gained 5)
C - a sedimented ruby potion
Found a potion of heal wounds.
You see here a +1 pair of gloves.
You start putting on your armour.
You continue putting on your +1 pair of gloves. x4
You finish putting on your +1 pair of gloves.
x - 2 potions of heal wounds (gained 1)
Okay, then.
You see here a scorpion corpse.
There is a stone staircase leading up here.
As you read the scroll labelled GOPIOCL ISHROCO, it crumbles to dust.
It is a scroll of amnesia.
You feel forgetful for a moment.
You see here a scorpion corpse.
Found 6 stones.
Found a scroll of brand weapon.
Found a scale mail.
f - 39 stones (gained 6)
Found a black potion.
p - 2 scrolls of brand weapon (gained 1)
E - a black potion
Okay, then.
Saving game... please wait.
Level annotation: ogre Welcome back, LSt the Demonspawn Chaos Knight.
Xom titters.
Press ? for a list of commands and other information.
Are you sure you want to abandon this character and quit the game? (Confirm with "yes".)

###...# #.......##
##.........## .#
##.........^.##.#
###.........[..##.#
#...............#.#
#...............#.#
#............@..#.#
####.................#
#...#................#
.....................#
...................###
.................###
.................#
..####..........## ###
####.......#


There were no monsters in sight!

Vanquished Creatures
  A scorpion (D:4)
  A jelly (D:4)
  An orc priest (D:3)
  2 adders
  A white imp (D:4)
  A worm (D:2)
  2 dart slugs (D:1)
  2 orcs (D:3)
  8 bats
  8 endoplasms
  3 giant cockroaches
  7 goblins
  8 hobgoblins
  4 jackals (D:3)
  3 kobolds
  5 quokkas
  5 ball pythons
  3 frilled lizards
  13 rats
78 creatures vanquished.

Notes
Turn   | Place    | Note
-------+----------+-------------------------------------------
     0 | D:1      | LSt the Demonspawn Chaos Knight began the quest for the
                  | Orb.
     0 | D:1      | Reached XP level 1. HP: 18/18 MP: 1/1
    57 | D:1      | Reached skill level 3 in Axes
   194 | D:1      | XOM: silly message
   238 | D:1      | Gained mutation: You regenerate magic rapidly. [demonic
                  | ancestry]
   238 | D:1      | Reached XP level 2. HP: 18/24 MP: 2/2
   238 | D:1      | XOM: silly message
   332 | D:1      | XOM: silly message
   348 | D:1      | XOM: silly message
   523 | D:1      | Gained mutation: You regenerate a little health from kills.
                  | [demonic ancestry]
   523 | D:1      | Reached XP level 3. HP: 29/29 MP: 3/3
   665 | D:1      | XOM: god gift: scroll labelled BISEPT MISY {god gift}
  1085 | D:2      | Found a burning altar of Makhleb.
  1239 | D:2      | XOM: god gift: scroll labelled FEKHLU LO VOSK {god gift}
  1445 | D:1      | XOM: summons 2 hostile demons
  1639 | D:2      | XOM: stat loss: -1 Int (12/13)
  1687 | D:2      | Reached skill level 4 in Axes
  1880 | D:2      | Gained mutation: You regenerate health from kills. [demonic
                  | ancestry]
  1880 | D:2      | Reached XP level 4. HP: 35/35 MP: 4/4
  1909 | D:2      | XOM: give mutation
  1909 | D:2      | Gained mutation: You are weak. (Str -2) [Xom's mischief]
  2002 | D:3      | Found Zenloss's Weapon Shop.
  2269 | D:3      | Found Pooveg's Antique Weapon Shop.
  2347 | D:3      | Found Nigef's Book Emporium.
  2358 | D:3      | XOM: stat loss: -1 Int (13/14)
  2507 | D:3      | Found Rounant's Weapon Shop.
  2528 | D:3      | Found a faded altar of an unknown god.
  3005 | D:4      | Noticed an ogre
  3018 | D:4      | Noticed a scorpion
  3025 | D:4      | Killed a scorpion
  3026 | D:4      | Reached skill level 5 in Axes
  3026 | D:4      | Reached XP level 5. HP: 42/42 MP: 5/5
  3291 | D:4      | Upgraded the game from 0.30-a0-726-gd89dcf765f to
                  | 0.30-a0-776-g08fbeb92c1
  3291 | D:4      | Quit the game

Illustrated notes

Levels and vault maps discovered:
D:1:      dpeg_arrival_morbid_curiosity, layout_basic
D:2:      layout_rooms, basic_altar, minmay_rat_gold_closets
D:3:      layout_loops_ring, serial_shops, nicolae_diamond_shop, shop_coins,
          shop_coins, nicolae_shop_behind_doors,
          hellmonk_ecumenical_altar_slurped_away, dk_vineyard_2,
          minmay_misc_feat_diagonals
D:4:      layout_layer_cave

Skill      XL: |  1  2  3  4 |
---------------+-------------+-----
Axes           | 3 4 5 |  5.1
Fighting       | 4 |  4.4
Armour         | |  1.7
Dodging        | |  0.8

Action                     |  1- 3 |  4- 6 || total
---------------------------+-------+-------++-------
  Melee: Hand axe          |   175 |    45 ||   220
         Punch             |     4 |       ||     4
         War axe           |       |    36 ||    36
  Throw: Stone             |     5 |     4 ||     9
         Boomerang         |       |     7 ||     7
  Evoke: Piece from Xom's  |     1 |       ||     1
    Use: Scroll            |     4 |     4 ||     8
   Stab: Paralysed         |     1 |       ||     1
         Sleeping          |     1 |       ||     1
 Armour: Leather armour    |    81 |    39 ||   120
  Dodge: Dodged            |   105 |    42 ||   147

Table legend: (Time is in decaauts)
 A = Elapsed time spent in this place.
 B = Non-inter-level travel time spent in this place.
 C = Inter-level travel time spent in this place.
 D = Time resting spent in this place.
 E = Time spent auto-exploring this place.
 F = Levels seen in this place.
 G = Mean time per level.
                   A        B        C        D        E       F      G
               +--------+--------+--------+--------+--------+-----+--------+
         Total |   3315 |   1976 |   1339 |    277 |    942 |   4 |  828.8 |
       Dungeon |   3315 |   1976 |   1339 |    277 |    942 |   4 |  828.8 |
               +--------+--------+--------+--------+--------+-----+--------+

Top non-repeatable levels by time:
     D:1: 1201 daAuts
     D:3: 1083 daAuts
     D:2: 793 daAuts
     D:4: 236 daAuts
